Map: Deathaura LE

Players

Reynor - Winner!

  • Race: Zerg Zerg
  • Spawn Location: 11:00

Dark

  • Race: Zerg Zerg
  • Spawn Location: 5:00

Event: IEM Katowice 2021

VOD

Have the link to the VOD?

Description

Time

  • Played on: Feb. 27, 2021, 8:21 a.m.
  • Length: 14:06

All games in this series

Show
View Real Time Build Order
Export as new Build Order

Reynor Zerg - Winner!

Build Orders: Hatch First, Lurkers 

Get SALT Encoding   

  12  0:00  Drone  
  13  0:12  Overlord  
  13  0:17  Drone  
  14  0:30  Drone x2  
  16  0:48  Hatchery  
  15  0:52  Drone  
  15  0:55  Drone  
  17  0:59  Drone  
  18  1:09  Extractor  
  17  1:14  Spawning Pool  
  17  1:17  Drone  
  17  1:20  Drone  
  18  1:27  Drone  
  19  1:38  Drone  
  20  1:49  Drone  
  21  2:01  Overlord, Queen  
  23  2:02  Zergling x2  
  24  2:10  Metabolic Boost  
  24  2:11  Drone x2  
  24  2:14  Queen  
  28  2:21  Drone  
  29  2:23  Drone  
  30  2:33  Hatchery  
  30  2:36  Zergling x2  
  30  2:37  Drone  
  30  2:43  Drone  
  30  2:44  Drone  
  33  2:53  Baneling Nest  
  33  2:55  Overlord  
  33  2:56  Drone  
  32  3:06  Drone x2  
  32  3:11  Drone  
  35  3:16  Overlord, Drone  
  35  3:17  Evolution Chamber  
  35  3:19  Zergling x4  
  37  3:22  Zergling x2  
  37  3:23  Drone  
  37  3:24  Drone  
  40  3:28  Drone  
  40  3:31  Drone  
  42  3:34  Queen  
  42  3:39  Drone  
  42  3:41  Overlord  
  46  3:43  Zergling x2  
  46  3:44  Drone x2  
  46  3:46  Drone  
  50  3:50  Drone  
  51  3:56  Drone x2  
  51  3:57  Drone  
  51  3:58  Overlord, Drone  
  55  4:07  Hatchery  
  55  4:09  Drone x3  
  57  4:13  Evolution Chamber  
  56  4:17  Roach Warren  
  56  4:19  Drone x2  
  56  4:20  Drone  
  56  4:22  Drone x2  
  60  4:26  Lair  
  60  4:29  Extractor  
  60  4:30  Extractor, Drone  
  59  4:32  Drone x2  
  59  4:37  Zergling x2  
  62  4:38  Overlord  
  62  4:44  Drone x4  
  66  4:47  Drone  
  66  4:48  Overlord, Drone x2  
  66  4:50  Queen  
  70  4:55  Drone x2  
  70  4:58  Overlord  
  72  5:00  Extractor, Drone  
  72  5:04  Zerg Missile Weapons Level 1  
  72  5:06  Drone  
  72  5:07  Drone  
  74  5:08  Drone x2  
  74  5:12  Overlord  
  76  5:14  Queen  
  76  5:16  Extractor  
  76  5:17  Drone  
  76  5:18  Extractor  
  76  5:20  Queen  
  79  5:22  Drone  
  79  5:26  Queen  
  79  5:27  Drone x2  
  79  5:28  Drone  
  85  5:30  Queen  
  85  5:32  Drone x3  
  85  5:33  Drone x2  
  92  5:37  Drone  
  92  5:39  Drone x3  
  96  5:43  Hydralisk Den  
  96  5:45  Spore Crawler  
  94  5:50  Drone x4  
  94  5:52  Baneling x3, Spore Crawler  
  94  5:56  Drone, Spore Crawler  
  97  5:58  Glial Reconstitution  
  97  6:00  Queen  
  97  6:02  Overlord  
  99  6:07  Drone x3  
  99  6:11  Overlord  
  102  6:17  Lurker Den  
  100  6:23  Drone x2  
  100  6:24  Roach x7  
  116  6:26  Overlord  
  116  6:32  Hydralisk  
  116  6:33  Hydralisk x3  
  116  6:35  Roach  
  116  6:36  Drone  
  116  6:38  Overlord x2  
  116  6:39  Infestation Pit  
  126  6:42  Overlord  
  126  6:43  Roach  
  127  6:51  Overlord  
  127  6:56  Muscular Augments  
  127  6:58  Hydralisk x4  
  134  7:01  Overlord  
  134  7:04  Zerg Missile Weapons Level 2  
  133  7:08  Drone  
  133  7:09  Drone x4  
  133  7:11  Extractor x2  
  133  7:12  Roach x4  
  133  7:14  Drone  
  145  7:15  Spore Crawler  
  145  7:16  Lurker x4  
  145  7:19  Hive  
  145  7:21  Hydralisk  
  150  7:23  Drone x2  
  150  7:26  Spine Crawler x2  
  150  7:29  Spine Crawler, Spore Crawler  
  148  7:30  Hydralisk x2  
  148  7:31  Hydralisk  
  154  7:38  Drone x6  
  154  7:43  Lurker x2, Drone  
  154  7:44  Drone  
  161  7:47  Overlord  
  161  7:48  Spore Crawler  
  161  7:50  Roach x2, Spore Crawler  
  163  7:54  Overlord  
  163  8:07  Roach x6  
  163  8:09  Overlord  
  163  8:12  Queen  
  175  8:14  Roach x4  
  174  8:22  Roach x5  
  174  8:23  Roach  
  183  8:28  Overlord  
  182  8:39  Roach x9  
  166  8:45  Roach x7  
  166  8:47  Roach  
  167  8:50  Roach x2  
  171  8:55  Roach  
  171  8:57  Overlord  
  169  9:04  Roach x2, Seismic Spines  
  169  9:05  Roach  
  169  9:09  Drone  
  174  9:10  Extractor  
  174  9:11  Hydralisk  
  174  9:15  Overlord x2  
  175  9:17  Lurker  
  175  9:22  Drone  
  177  9:24  Zerg Missile Weapons Level 3  
  177  9:27  Lurker x3  
  177  9:28  Overlord  
  177  9:29  Roach x2  
  184  9:34  Hydralisk x2  
  184  9:36  Drone x4  
  184  9:38  Roach  
  194  9:42  Roach  
  196  9:45  Overseer  
  196  9:51  Hydralisk x2  
  200  10:01  Adaptive Talons  
  200  10:13  Hatchery  
  200  10:14  Roach x10  
  200  10:20  Roach x10  
  192  10:25  Hydralisk x2  
  189  10:29  Roach x4  
  197  10:40  Lurker x2  
  197  10:41  Lurker  
  192  10:50  Roach x5  
  192  10:53  Hydralisk x4  
  200  11:03  Overlord  
  191  11:27  Roach x5  
  195  11:35  Roach x6  
  199  11:46  Roach x2  
  196  11:47  Roach x2  
  196  11:48  Roach x4  
  196  11:52  Roach x9  
  196  11:53  Roach  
  196  11:55  Roach x3  
  196  11:58  Hydralisk x2  
  200  12:01  Zerg Ground Armor Level 1  
  200  12:07  Lurker  
  200  12:08  Lurker  
  200  12:13  Extractor  
  200  12:14  Extractor  
  200  12:15  Viper x2  
  190  12:39  Roach x7  
  190  12:40  Roach x2  
  190  12:42  Hydralisk x4  
  195  12:49  Roach x9  
  195  12:51  Roach x3  
  195  12:55  Roach  
  195  12:56  Roach x7  
  194  13:01  Roach x3  
  188  13:08  Roach x4  
  188  13:12  Lurker x2  
  194  13:18  Lurker  
  194  13:19  Lurker x3  
  198  13:21  Roach  
  200  13:37  Hatchery  
  200  13:38  Roach x3  
Show
View Real Time Build Order
Export as new Build Order

Dark Zerg 

Build Orders: Hatch First, Lurkers 

Get SALT Encoding   

  12  0:00  Drone  
  13  0:12  Overlord  
  13  0:17  Drone  
  14  0:30  Drone x2  
  16  0:47  Hatchery  
  15  0:51  Drone  
  15  0:54  Drone  
  17  0:57  Drone  
  18  1:09  Extractor  
  17  1:12  Spawning Pool  
  17  1:15  Drone  
  17  1:19  Drone  
  18  1:27  Drone  
  19  1:38  Drone  
  20  1:49  Drone  
  21  1:59  Queen x2  
  25  2:02  Zergling x2, Drone  
  27  2:10  Overlord  
  27  2:11  Drone  
  27  2:13  Metabolic Boost  
  28  2:28  Drone x2  
  30  2:32  Zergling x2, Drone  
  32  2:38  Hatchery  
  31  2:44  Queen  
  33  2:53  Baneling Nest  
  33  2:55  Overlord  
  33  2:57  Drone  
  33  3:01  Drone  
  33  3:06  Drone x2  
  35  3:17  Drone x3  
  35  3:18  Drone  
  35  3:19  Drone  
  40  3:20  Zergling x2  
  40  3:25  Overlord  
  41  3:32  Drone x2  
  43  3:36  Lair  
  43  3:41  Overlord  
  43  3:44  Drone  
  43  3:46  Drone x2  
  46  3:50  Evolution Chamber  
  46  3:51  Drone x3  
  46  3:54  Drone x2  
  50  3:57  Extractor  
  50  3:59  Drone x2  
  50  4:01  Drone  
  52  4:12  Drone  
  52  4:13  Drone  
  52  4:14  Drone  
  54  4:18  Zergling x4, Zerg Missile Weapons Level 1  
  54  4:19  Baneling x2  
  54  4:23  Extractor, Drone x3, Roach Warren  
  57  4:24  Extractor  
  57  4:28  Drone  
  57  4:29  Drone x2  
  57  4:30  Drone  
  57  4:31  Drone  
  61  4:36  Drone x3  
  61  4:37  Drone  
  65  4:39  Overseer  
  65  4:48  Overlord  
  65  4:52  Overlord  
  65  4:54  Drone  
  65  4:57  Spire  
  65  4:58  Drone  
  65  4:59  Overlord  
  66  5:00  Overlord  
  66  5:06  Glial Reconstitution  
  66  5:07  Drone x4  
  66  5:08  Drone x3  
  66  5:12  Drone x3  
  76  5:15  Drone  
  76  5:16  Extractor  
  76  5:17  Extractor  
  75  5:21  Drone  
  75  5:40  Hatchery  
  74  5:45  Overlord  
  74  5:51  Overlord  
  74  5:56  Overlord  
  74  5:58  Roach x3  
  74  5:59  Roach x2  
  74  6:00  Overlord  
  74  6:01  Overlord  
  84  6:08  Mutalisk x5  
  84  6:09  Mutalisk  
  96  6:12  Zerg Missile Weapons Level 2  
  96  6:14  Roach x2  
  96  6:16  Roach  
  96  6:17  Roach  
  104  6:19  Roach  
  104  6:20  Roach  
  104  6:23  Roach  
  104  6:24  Roach  
  112  6:25  Overlord  
  112  6:26  Roach  
  112  6:27  Roach  
  112  6:28  Roach  
  118  6:35  Roach  
  118  6:39  Overlord x5  
  120  6:42  Overlord  
  120  6:44  Roach x3  
  126  6:48  Roach  
  126  6:52  Overlord  
  126  6:53  Overlord  
  128  6:57  Roach  
  128  7:00  Roach  
  134  7:01  Roach  
  134  7:02  Overseer  
  134  7:03  Roach  
  134  7:06  Roach  
  138  7:09  Roach x5  
  138  7:11  Roach  
  138  7:12  Baneling x3  
  138  7:14  Nydus Network  
  151  7:15  Roach  
  151  7:17  Roach  
  153  7:26  Roach x2  
  153  7:27  Roach  
  153  7:29  Ravager x2  
  161  7:32  Roach x2  
  161  7:36  Roach  
  166  7:41  Roach x5  
  176  7:49  Roach  
  176  7:50  Nydus Canal  
  178  7:53  Ravager x2  
  178  7:55  Roach  
  178  7:57  Roach, Extractor  
  183  8:00  Overseer  
  183  8:02  Zergling x8  
  183  8:03  Zergling x2, Drone x2  
  183  8:04  Drone x2  
  192  8:07  Nydus Canal  
  192  8:10  Roach x2  
  188  8:24  Nydus Canal  
  188  8:26  Roach x2  
  188  8:28  Roach x6  
  188  8:31  Roach  
  199  8:36  Roach x2  
  199  8:37  Roach x2  
  199  8:38  Roach  
  199  8:39  Roach, Nydus Canal  
  184  8:43  Roach  
  184  8:44  Roach  
  184  8:48  Roach  
  150  8:50  Roach  
  150  8:51  Roach  
  150  8:53  Roach  
  145  8:57  Roach  
  141  9:05  Roach  
  141  9:06  Roach, Extractor  
  141  9:07  Roach  
  141  9:08  Roach  
  142  9:12  Roach  
  142  9:13  Roach x2  
  148  9:18  Roach x8  
  148  9:19  Roach  
  148  9:22  Ravager  
  148  9:23  Ravager  
  168  9:25  Drone x3  
  171  9:32  Zerg Ground Armor Level 1  
  171  9:37  Overseer  
  171  9:39  Roach  
  171  9:41  Roach x2  
  171  9:42  Overlord x2  
  171  9:43  Nydus Canal  
  171  9:45  Roach  
  179  9:48  Infestation Pit  
  179  9:51  Roach x3  
  184  9:56  Overlord x2  
  184  10:04  Hatchery, Roach x5  
  184  10:05  Roach  
  184  10:06  Roach  
  197  10:13  Roach x4  
  193  10:19  Roach x3  
  181  10:22  Roach x2  
  181  10:26  Hydralisk Den  
  181  10:27  Roach x2  
  181  10:28  Pneumatized Carapace  
  182  10:40  Ravager x3  
  182  10:41  Ravager  
  186  10:44  Hive  
  186  10:47  Roach x5  
  172  10:50  Roach x4  
  172  10:53  Roach  
  172  10:54  Roach  
  172  10:56  Roach  
  170  10:58  Roach  
  170  10:59  Roach  
  170  11:02  Overseer  
  170  11:07  Ravager x2  
  170  11:09  Roach  
  170  11:11  Roach x2  
  176  11:13  Roach  
  176  11:16  Roach  
  175  11:20  Roach  
  175  11:21  Roach  
  175  11:25  Roach  
  177  11:26  Roach  
  177  11:28  Roach  
  177  11:31  Roach  
  177  11:32  Roach  
  179  11:36  Roach  
  179  11:37  Roach  
  171  11:40  Roach  
  171  11:44  Roach x2  
  171  11:47  Roach  
  171  11:48  Roach  
  171  11:50  Roach  
  171  11:53  Roach  
  143  11:55  Roach  
  143  11:58  Roach x2  
  144  12:03  Lurker Den  
  143  12:10  Roach x4  
  151  12:16  Roach  
  151  12:20  Ravager  
  151  12:21  Ravager x4  
  151  12:22  Roach x3  
  164  12:23  Roach  
  166  12:35  Roach x2  
  170  12:41  Roach x4  
  170  12:44  Roach  
  156  12:47  Roach  
  156  12:48  Roach  
  124  13:01  Roach x5  
  124  13:03  Hydralisk, Adaptive Talons  
  132  13:08  Hydralisk x2  
  132  13:11  Drone x2  
  138  13:16  Hydralisk  
  138  13:18  Hydralisk  
  142  13:20  Hydralisk  
  142  13:22  Hydralisk  
  146  13:28  Spore Crawler  
  146  13:31  Lurker  
  146  13:32  Hydralisk  
  146  13:33  Hydralisk  
  150  13:35  Lurker x2  
  146  13:41  Roach  
  146  13:42  Roach x2  
  146  13:44  Lurker x2  
  146  13:47  Roach  

Tags
 
Add a new tag
Caveats
  • Supply blocks, unpowered buildings, or Contaminate may cause inaccurate times.
  • Supply counts are checked every 10 seconds.